Map: Zen LE

Players

ViBE - Winner!

  • Race: Protoss Protoss
  • League: Bronze
  • Spawn Location: 7:00

Zergslayer

  • Race: Terran Terran
  • Spawn Location: 1:00

VOD

https://www.youtube.com/watch?v=kuS_PgtyAP8&list=PLFeZeom2b4DmHduNHeFj-6PfoasuSQn3P&index=2

Description

Time

  • Played on: Dec. 4, 2019, 8:28 p.m.
  • Length: 17:12
Show
View Real Time Build Order
Export as new Build Order

ViBE Protoss - Winner!

Build Orders:  

Get SALT Encoding   

  12  0:01  Probe  
  13  0:13  Pylon  
  13  0:19  Probe  
  14  0:31  Probe  
  15  0:39  Gateway  
  15  0:44  Probe  
  16  0:56  Probe (Chrono Boost)  
  17  1:08  Probe (Chrono Boost)  
  17  1:09  Assimilator  
  18  1:16  Probe (Chrono Boost)  
  19  1:22  Probe  
  20  1:29  Cybernetics Core  
  20  1:34  Probe (Chrono Boost), Assimilator  
  21  1:40  Pylon  
  21  1:43  Probe (Chrono Boost)  
  22  1:48  Probe (Chrono Boost)  
  23  2:00  Probe  
  24  2:12  Probe  
  25  2:23  Nexus  
  25  2:24  Pylon  
  25  2:28  Probe  
  26  2:46  Probe  
  27  2:53  Stalker  
  28  2:58  Probe (Chrono Boost)  
  28  3:08  Probe (Chrono Boost)  
  28  3:13  Probe  
  27  3:25  Probe (Chrono Boost)  
  27  3:29  Nexus  
  28  3:35  Probe (Chrono Boost)  
  28  3:40  Probe x2 (Chrono Boost)  
  29  3:42  Stalker, Warp Gate  
  32  3:49  Robotics Facility  
  32  3:50  Gateway  
  32  3:52  Probe x2 (Chrono Boost)  
  32  3:53  Pylon  
  34  4:04  Probe (Chrono Boost)  
  34  4:09  Probe (Chrono Boost)  
  36  4:11  Pylon, Probe (Chrono Boost)  
  36  4:14  Pylon  
  36  4:15  Probe (Chrono Boost)  
  38  4:20  Probe (Chrono Boost)  
  38  4:27  Probe (Chrono Boost)  
  40  4:32  Stalker  
  40  4:35  Probe (Chrono Boost)  
  40  4:36  Probe (Chrono Boost)  
  43  4:42  Probe x2 (Chrono Boost)  
  43  4:44  Probe (Chrono Boost)  
  42  4:54  Probe x2 (Chrono Boost)  
  44  5:00  Probe (Chrono Boost)  
  44  5:02  Probe x2 (Chrono Boost)  
  44  5:07  Probe  
  47  5:08  Probe x2  
  49  5:17  Immortal  
  49  5:18  Stalker x2  
  49  5:19  Probe  
  49  5:20  Probe  
  49  5:21  Probe  
  59  5:28  Pylon  
  59  5:31  Probe  
  59  5:32  Probe  
  59  5:33  Probe, Assimilator  
  59  5:34  Assimilator  
  62  5:43  Probe  
  62  5:44  Probe  
  62  5:45  Probe  
  65  5:55  Probe  
  65  5:56  Probe  
  67  5:57  Probe  
  68  6:07  Probe  
  68  6:08  Probe  
  68  6:09  Probe  
  68  6:10  Stalker  
  68  6:11  Stalker  
  75  6:12  Immortal  
  75  6:16  Nexus  
  75  6:17  Pylon  
  79  6:20  Probe (Chrono Boost)  
  79  6:21  Pylon, Probe x2 (Chrono Boost)  
  82  6:31  Probe x2 (Chrono Boost)  
  82  6:32  Probe (Chrono Boost)  
  85  6:36  Probe x3 (Chrono Boost)  
  88  6:40  Assimilator x2  
  88  7:01  Assimilator x2  
  88  7:04  Probe  
  88  7:05  Probe x2  
  88  7:08  Stalker x2  
  95  7:09  Immortal  
  99  7:16  Gateway  
  99  7:17  Gateway  
  99  7:19  Gateway x2  
  99  7:25  Robotics Facility  
  99  7:27  Probe  
  99  7:28  Probe x2  
  102  7:32  Pylon  
  102  7:40  Pylon  
  102  8:01  Stalker x2  
  102  8:03  Immortal  
  110  8:13  Probe x2  
  110  8:14  Probe x2  
  110  8:18  Assimilator x2  
  114  8:25  Probe  
  114  8:26  Probe x3  
  118  8:28  Stalker x4  
  118  8:29  Stalker x2, Nexus  
  118  8:30  Pylon  
  118  8:31  Immortal  
  134  8:37  Gateway  
  134  8:39  Gateway x2  
  134  8:42  Gateway  
  134  8:43  Immortal  
  138  8:50  Gateway  
  138  8:51  Gateway  
  138  8:53  Gateway  
  138  8:59  Gateway  
  138  9:03  Stalker x2  
  138  9:04  Stalker x2  
  138  9:05  Stalker x2  
  150  9:13  Pylon  
  150  9:15  Pylon  
  150  9:19  Pylon  
  150  9:22  Pylon  
  144  9:24  Pylon  
  144  9:25  Pylon  
  144  9:28  Pylon  
  140  9:31  Pylon  
  140  9:34  Pylon, Gateway  
  140  9:36  Stalker, Gateway  
  140  9:37  Stalker x3  
  140  9:38  Stalker x2  
  150  9:39  Forge  
  150  9:40  Stalker x3  
  150  9:41  Stalker  
  150  9:43  Observer x2  
  162  10:03  Pylon  
  162  10:04  Stalker x2  
  162  10:05  Stalker  
  162  10:06  Stalker x2  
  172  10:08  Stalker  
  172  10:09  Stalker x3  
  172  10:10  Stalker x2  
  184  10:20  Immortal x2  
  189  10:42  Stalker  
  189  10:43  Stalker x2  
  189  10:44  Stalker  
  189  10:45  Probe  
  189  10:46  Probe x2  
  194  11:40  Photon Cannon  
  194  11:44  Photon Cannon  
  186  11:51  Photon Cannon  
  186  11:52  Photon Cannon  
  180  12:02  Photon Cannon  
  180  12:04  Photon Cannon  
  180  12:12  Photon Cannon  
  180  12:14  Photon Cannon  
  180  12:28  Photon Cannon x2  
  180  12:32  Protoss Ground Weapons Level 1 (Chrono Boost)  
  180  12:53  Nexus  
  180  12:56  Pylon  
  180  13:06  Stalker x2  
  180  13:07  Stalker x2  
  180  13:08  Stalker x3  
  180  13:09  Stalker x2  
  180  13:10  Stalker  
  200  13:16  Gateway  
  200  13:18  Gateway  
  200  13:19  Gateway  
  200  13:24  Gateway  
  200  13:27  Gateway  
  200  13:28  Gateway, Robotics Facility  
  200  13:29  Gateway  
  200  13:32  Robotics Facility  
  200  13:34  Gateway  
  200  13:35  Gateway  
  200  13:37  Gateway  
  200  13:42  Gateway  
  200  13:44  Gateway  
  200  14:51  Stargate  
  200  14:52  Stargate  
  200  14:54  Stargate  
  200  14:57  Stargate  
  176  16:21  Void Ray x2 (Chrono Boost)  
  176  16:22  Void Ray x2 (Chrono Boost)  
Show
View Real Time Build Order
Export as new Build Order

Zergslayer Terran 

Build Orders: Gas First Reaper Expand 

Get SALT Encoding   

  12  0:01  SCV  
  13  0:13  SCV  
  14  0:20  Supply Depot  
  14  0:26  Refinery  
  14  0:35  Refinery  
  14  0:50  Barracks  
  14  0:57  Supply Depot  
  14  1:05  SCV  
  15  1:39  Factory  
  15  1:43  Reaper  
  16  2:15  Reaper  
  17  2:29  Factory Tech Lab  
  17  2:33  Orbital Command  
  17  2:36  Starport  
  17  2:47  Marine  
  18  3:05  Marine  
  19  3:23  Marine  
  20  3:41  Marine  
  21  3:47  Siege Tank  
  24  4:19  Siege Tank  
  25  5:36  Starport Reactor  
  25  5:40  Barracks Tech Lab  
  25  5:49  Barracks  
  25  5:52  Barracks  
  25  5:58  SCV  
  25  6:03  Marine  
  27  6:07  Stimpack  
  27  6:10  SCV  
  28  6:12  Medivac  
  28  6:13  Medivac  
  32  6:21  Marine  
  33  6:25  Engineering Bay  
  33  6:28  Engineering Bay  
  33  6:39  Marine x2  
  34  6:42  Medivac, Barracks Tech Lab  
  34  6:43  Medivac  
  39  6:57  Marine x2  
  39  7:00  Combat Shield  
  41  7:15  Marine x2  
  43  7:18  Terran Infantry Weapons Level 1  
  43  7:20  Terran Infantry Armor Level 1  
  43  7:22  Marine  
  44  7:32  Marine  
  44  7:33  Marine  
  46  7:40  Marine  
  47  7:57  Supply Depot  
  47  8:18  Marine x3  
  40  9:36  Marine  
  40  9:37  Marine x2  
  30  9:45  Supply Depot  
  33  9:52  Siege Tank  
  33  9:54  Marine x2  
  33  9:55  Marine  
  36  10:12  Marine x3  
  39  10:25  Medivac x2  
  43  10:30  Marine x3  
  46  10:38  Liberator  
  44  10:48  Marine x3  
  41  10:52  Liberator  
  44  11:05  Marine  
  44  11:06  Marine x2  
  50  11:23  Marine  
  20  13:26  Orbital Command  
  20  13:50  Barracks Reactor  
  20  13:56  Barracks Reactor  
  20  14:00  Refinery  
  20  14:08  Refinery  
  20  14:28  Command Center  
  20  14:31  Refinery  
  20  15:38  Marine x2  
  13  16:49  Supply Depot  
Tags
 
Add a new tag
Caveats
  • Supply blocks, unpowered buildings, or Contaminate may cause inaccurate times.
  • Supply counts are checked every 10 seconds.